 Dungeon Crawl Stone Soup version 0.28.0-47-ge53b351184 (webtiles) character file.

Game seed: 10971636417757635497

504 101zpm the Magician (level 7, -1/45 HPs)
             Began as a Djinni Fire Elementalist on May 4, 2022.
             Slain by Duvessa
             ... wielding a +0 short sword
              (5 damage)
             ... on level 3 of the Dungeon.
             The game lasted 00:11:48 (5832 turns).

101zpm the Magician (Djinni Fire Elementalist)      Turns: 5832, Time: 00:11:48

Health: -1/45      AC:  2    Str:  7    XL:     7   Next: 41%
Gold:   160        EV: 12    Int: 19    God:
                   SH:  0    Dex: 13

rFire   + + .      SeeInvis .   l - +2 falchion (protect)
rCold   x . .      Faith    .   (no shield)
rNeg    . . .      Spirit   .   a - +0 robe
rPois   ∞          Reflect  .   d - +0 hat
rElec   .          Harm     .   (no cloak)
rCorr   .          Rampage  .   (no gloves)
Will    .....                   (boots unavailable)
Stlth   ++........              (no amulet)
HPRegen 0.15/turn               (no ring)
MPRegen 0.00/turn               (no ring)

@: flying
A: sickness immunity, fire resistance 2, cold vulnerability 1, float, innate
caster, HP casting, extra vitality 1
a: no special abilities


You were on level 3 of the Dungeon.
You visited 2 branches of the dungeon, and saw 5 of its levels.

You collected 160 gold pieces.

Inventory:

Hand Weapons
 l - a +2 falchion of protection (weapon)
Armour
 a - a +0 robe (worn)
 d - a +0 hat (worn)
Scrolls
 c - a scroll of immolation {unknown}
 e - 2 scrolls of identify {unknown}
 f - a scroll of amnesia {unknown}
 h - 2 scrolls of vulnerability {unknown}
 i - a scroll of fear {unknown}
 k - a scroll of silence {unknown}
Potions
 b - a potion of lignification {unknown}
 g - 3 potions of heal wounds {unknown}
 j - a potion of flight {unknown}


   Skills:
 + Level 2.3 Dodging
 + Level 2.5 Stealth
 + Level 0.1 Unarmed Combat
 + Level 5.8 Spellcasting


You couldn't memorise any spells.
You knew the following spells:

 Your Spells              Type           Power      Damage    Failure   Level
a - Foxfire               Conj/Fire      100%       2x1d9     1%          1
b - Scorch                Fire           54%        2d7       1%          2
c - Conjure Flame         Conj/Fire      27%        6-21      3%          3
d - Inner Flame           Hex/Fire       27%        N/A       3%          3
e - Flame Wave            Conj/Fire      27%        2d7       11%         4
f - Slow                  Hex            100%       N/A       1%          1
g - Call Imp              Summ           27%        N/A       1%          2
h - Lesser Beckoning      Tloc           27%        N/A       3%          3
Your spell library was empty.

Dungeon Overview and Level Annotations

Branches:
Dungeon (4/15)             Temple (1/1) D:4

Altars:
Ashenzari
Cheibriados
Dithmenos
Fedhas
Gozag
Kikubaaqudgha
Makhleb
Nemelex Xobeh
Okawaru
Qazlal
Ru
Sif Muna
Trog
Uskayaw
Vehumet
Xom
Yredelemnul
Zin

Annotations:
D:3 Dowan, Duvessa


Innate Abilities, Weirdness & Mutations

You are immune to sickness and miasma.
You are immune to poison.
Your flesh is very heat resistant. (rF++)
You are vulnerable to cold. (rC-)
You float through the air rather than walking.
You learn spells naturally, not from books.
Your magical power is your life essence.
You have superior vitality. (+4 MHP)


Message History

Dowan says, "Magic and the sword, together, will defeat you."
Dowan says, "My weaknesses are her strengths!"
Dowan gestures at Duvessa while chanting.
Duvessa seems to speed up.
Casting: Flame Wave (quite dangerous; 11% risk of failure)
Confirm with . or Enter, or press ? or * to list all spells.
Aiming: Slow (safe; 1% risk of failure)
Press: ? - help, Shift-Dir - straight line, f - Duvessa
Aim: Duvessa, wielding a +0 short sword and wearing a +0 ring mail (lightly wounded, fast, chance to affect: 47%) Duvessa resists with some effort.
Duvessa barely misses you. Duvessa closely misses you.
Casting: Slow (safe; 1% risk of failure)
Confirm with . or Enter, or press ? or * to list all spells.
Aiming: Slow (safe; 1% risk of failure)
Press: ? - help, Shift-Dir - straight line, f/p - Duvessa
Aim: Duvessa, wielding a +0 short sword and wearing a +0 ring mail (lightly wounded, fast, chance to affect: 47%) Duvessa resists with some effort.
Duvessa says, "Where magic fails, the sword succeeds!"
Duvessa hits you with a +0 short sword.
* * * LOW HITPOINT WARNING * * *
Duvessa hits you with a +0 short sword.
* * * LOW HITPOINT WARNING * * *
Dowan says, "Magic and the sword, together, will defeat you."
Dowan casts a spell.
Dowan blinks!
There is a stone staircase leading up here.
Casting: Slow (safe; 1% risk of failure)
Confirm with . or Enter, or press ? or * to list all spells.
Aiming: Lesser Beckoning (dangerous; 3% risk of failure)
Press: ? - help, Shift-Dir - straight line, f - you, p - Duvessa That would be overly suicidal.
Okay, then.
Casting: Lesser Beckoning (dangerous; 3% risk of failure)
Confirm with . or Enter, or press ? or * to list all spells.
Aiming: Lesser Beckoning (dangerous; 3% risk of failure)
Press: ? - help, Shift-Dir - straight line Nothing appears to happen.
* * * LOW HITPOINT WARNING * * *
Duvessa hits you with a +0 short sword.
You die...

.......#########...####.##.......
######.# #.....###.##.##.#.. ...#
#.# #.§....##.##.##.#.. ##.# #.#
#......##.......>..
##.###.########......#####.#..#.#
.......#.................#.#..#.#
...#####.#...........###.#.......
##.# #........e....###.###.....
...# ###....e...@...#......######
##.# #....<....#......##†#.##
##.###.#.#.....#............#
....................#####.#.#
####..≈≈≈≈≈.≈≈≈≈≈≈≈.# #...#
##.≈.....≈.....≈.# ##†##
#.≈.≈≈≈≈≈.≈≈≈.≈.# #.#
#.≈.≈...≈.≈_≈.≈.# #.#
#.≈.≈.≈.≈.≈.≈.≈.## #.#


You could see Duvessa (fast) and Dowan.

Vanquished Creatures
  A water moccasin (D:3)
  A phantom (D:4)
  A scorpion (D:4)
  A water moccasin skeleton (D:3)
  A jelly (D:4)
  2 orc wizards (D:4)
  2 adders
  An adder skeleton (D:4)
  7 worms
  A dart slug (D:1)
  11 orcs
  8 bats
  6 endoplasms
  6 giant cockroaches
  2 goblins
  5 hobgoblins
  5 jackals
  6 quokkas
  5 ball pythons
  5 frilled lizards
  4 kobolds (D:1)
  8 rats
89 creatures vanquished.

Vanquished Creatures (collateral kills)
  A ball python (D:4)
1 creature vanquished.

Vanquished Creatures (others)
  416 foxfires
416 creatures vanquished.

Grand Total: 506 creatures vanquished

Notes
Turn   | Place    | Note
-------+----------+-------------------------------------------
     0 | D:1      | 101zpm the Djinni Fire Elementalist began the quest for the
                  | Orb.
     0 | D:1      | Reached XP level 1. HP: 15/15 MP: 0/0
   307 | D:1      | Reached XP level 2. HP: 15/21 MP: 0/0
  1236 | D:1      | Found a faded altar of an unknown god.
  1385 | D:1      | Reached skill level 3 in Spellcasting
  1587 | D:1      | Reached XP level 3. HP: 23/25 MP: 0/0
  1587 | D:1      | Learned a level 1 spell: Slow
  2123 | D:3      | Found a sparkling altar of Nemelex Xobeh.
  2126 | D:3      | Found a bloodstained altar of Trog.
  2474 | D:3      | Reached XP level 4. HP: 31/31 MP: 0/0
  2962 | D:3      | Noticed a water moccasin
  2967 | D:3      | Killed a water moccasin
  2968 | D:3      | Reached skill level 4 in Spellcasting
  2968 | D:3      | Reached XP level 5. HP: 27/35 MP: 0/0
  2968 | D:3      | Learned a level 2 spell: Call Imp
  3155 | D:3      | Reached XP level 6. HP: 33/40 MP: 0/0
  3777 | D:4      | Reached skill level 5 in Spellcasting
  3888 | D:4      | Reached XP level 7. HP: 28/45 MP: 0/0
  3888 | D:4      | Learned a level 3 spell: Lesser Beckoning
  4630 | D:4      | Found a staircase to the Ecumenical Temple.
  4641 | Temple   | Entered the Ecumenical Temple
  5720 | D:2      | You are sucked into a shaft and drop 1 floor!
  5794 | D:4      | Noticed Duvessa
  5794 | D:4      | Noticed Dowan
  5832 | D:3      | Slain by Duvessa

Illustrated notes

Levels and vault maps discovered:
D:1:      dpeg_arrival_brainrot, layout_basic,
          dreamdust_ecumenical_altar_statues
D:2:      layout_loops_ring, minmay_randomly_rotated_circles
D:3:      layout_loops_cross, mainiacjoe_overflow_catwalk_spiral
D:4:      layout_basic, minmay_temple_entry_junction_2, uniq_ijyb, uniq_duvessa
Temple:   eino_temple_rhombus

Skill      XL: |  1  2  3  4  5  6 |
---------------+-------------------+-----
Spellcasting   | 3 4 5 |  5.8
Stealth        | 2 |  2.5
Dodging        | |  2.3
Unarmed Combat | |  0.1

Action                   |  1- 3 |  4- 6 |  7- 9 || total
-------------------------+-------+-------+-------++-------
Melee: Unarmed           |     8 |       |       ||     8
 Cast: Foxfire           |    92 |    73 |   113 ||   278
       Scorch            |    15 |     5 |     1 ||    21
       Inner Flame       |       |     8 |    19 ||    27
       Call Imp          |       |     2 |     3 ||     5
       Slow              |       |       |     2 ||     2
       Lesser Beckoning  |       |       |     1 ||     1
       Flame Wave        |       |       |     1 ||     1
Armor: Robe              |     2 |       |       ||     2
Dodge: Dodged            |    10 |     1 |    10 ||    21
